 Dungeon Crawl Stone Soup version 0.17-a0-473-gfd9ac06 (webtiles) character file.

44436 Psiweapon the Nimble (level 13, -13/131 HPs)
             Began as a Troll Hunter on Apr 7, 2015.
             Was the Champion of Cheibriados.
             Mangled by a dire elephant (26 damage)
             ... on level 8 of the Lair of Beasts.
             The game lasted 01:19:50 (15835 turns).

Psiweapon the Nimble (Troll Hunter)                Turns: 15835, Time: 01:19:50

Health: -13/131    AC: 16    Str: 38    XL:     13   Next: 96%
Magic:  0/15       EV: 21    Int: 24    God:    Cheibriados [******]
Gold:   1187       SH: 15    Dex: 27    Spells: 5 memorised, 5 levels left

rFire  + . .     SeeInvis .       - Unarmed
rCold  + . .     Clarity  .     W - +2 robe {rC+ rF+}
rNeg   . . .     SustAb   .     v - +1 shield
rPois  .         Gourm    +     N - +2 hat {Spirit}
rElec  .         Spirit   +     t - +0 cloak
rCorr  .         Warding  .     (gloves unavailable)
rMut   .         Stasis   .     (boots unavailable)
MR     .....                    (no amulet)
Stlth  +++.......               C - ring of wizardry
                                d - +4 ring of protection

@: stone skin, very slow, not resistant to hostile enchantments, fairly stealthy
A: unfitting armour, claws 3, fast metabolism 3, gourmand, regeneration 2,
shaggy fur 1, tough skin 2
a: Bend Time, Temporal Distortion, Slouch, Step From Time, Renounce Religion


You were on level 8 of the Lair of Beasts.
You worshipped Cheibriados.
Cheibriados was exalted by your worship.
You were very full.

You visited 3 branches of the dungeon, and saw 20 of its levels.
You also visited: Sewer.

You collected 1187 gold pieces.

Inventory:

Hand weapons
 H - a +1 vampiric trident
 O - a +1 blowgun
 V - a +4 scimitar of flaming
Missiles
 b - 4 large rocks
 c - 2 throwing nets
 f - a javelin of returning (quivered)
 u - 9 curare-tipped needles
 A - 36 poisoned needles
 P - 5 tomahawks
Armour
 n - a +0 shield
 t - a +0 cloak (worn)
 v - a +1 shield (worn)
 N - a +2 hat of spirit shield (worn)
 W - a +2 robe of resistance (worn)
 Y - the +6 large shield of Ignorance {rN+ AC+2 EV+2 Int-6 Curse}
   (You found it on level 8 of the Lair of Beasts)

   It affects your AC (+2).
   It affects your evasion (+2).
   It affects your intelligence (-6).
   It protects you from negative energy.
   It may re-curse itself when equipped.
Jewellery
 d - a +4 ring of protection (left claw)
 r - the cursed ring of Yvium {EV-5 Int+3 Slay+6}
   (You found it on level 8 of the Lair of Beasts)

   [ring of evasion]

   It affects your evasion (-5).
   It affects your intelligence (+3).
   It affects your accuracy and damage with ranged weapons and melee attacks
   (+6).
   It has a curse placed upon it.
 w - an uncursed ring of magical power
 x - an uncursed ring of poison resistance
 C - a ring of wizardry (right claw)
 E - a +4 ring of protection
 Q - an uncursed ring of sustain abilities
Magical devices
 m - a wand of fireball (6)
 B - a wand of confusion (20)
 D - a wand of frost (41)
 R - a wand of teleportation (5)
 S - a wand of flame (28)
 T - a wand of polymorph (12)
 X - a wand of fire (8)
Scrolls
 a - a scroll of fog
 e - 4 scrolls of teleportation
 j - 2 scrolls of recharging
 p - 11 scrolls of remove curse
 G - a scroll of enchant armour
 J - a scroll of identify
 L - 2 scrolls of immolation
 Z - a scroll of brand weapon
Potions
 g - 4 potions of might
 h - 7 potions of brilliance
 k - 11 potions of curing
 l - 4 potions of restore abilities
 I - 3 potions of agility
Books
 s - a book of Burglary

   Spells                             Type                      Level
   a - Swiftness                      Charms/Air                   2
   b - Passwall                       Transmutation/Earth          3
   c - Passage of Golubria            Translocation                4
   d - Lee's Rapid Deconstruction     Earth                        5
   e - Invisibility                   Hexes                        6
   f - Darkness                       Hexes                        7
 z - a book of Minor Magic

   Spells                             Type                      Level
   a - Magic Dart                     Conjuration                  1
   b - Blink                          Translocation                2
   c - Call Imp                       Summoning                    2
   d - Repel Missiles                 Charms/Air                   2
   e - Slow                           Hexes                        2
   f - Conjure Flame                  Conjuration/Fire             3
   g - Mephitic Cloud                 Conjuration/Poison/Air       3
 F - a book of Transfigurations

   Spells                             Type                      Level
   a - Stoneskin                      Transmutation/Earth          2
   b - Irradiate                      Conjuration/Transmutation    5
   c - Statue Form                    Transmutation/Earth          6
   d - Hydra Form                     Transmutation                6
   e - Dragon Form                    Transmutation                7
Comestibles
 i - 3 bread rations
 o - 9 meat rations
 q - 5 beef jerkies
 y - 6 royal jellies
 K - a slice of pizza
 M - 4 fruits
 U - 11 chunks of flesh


   Skills:
 + Level 9.4 Fighting
 - Level 6.0 Throwing
 - Level 10.5 Dodging
 - Level 3.4 Stealth
 - Level 8.4 Shields
 - Level 10.0 Unarmed Combat
 - Level 1.7 Spellcasting
 - Level 1.5 Charms
 - Level 3.0 Translocations
 - Level 0.1 Air Magic
 + Level 4.7 Earth Magic
 - Level 4.2 Invocations
 - Level 0.4 Evocations


You had 5 spell levels left.
You knew the following spells:

 Your Spells              Type           Power        Failure   Level  Hunger
a - Repel Missiles        Chrm/Air       #.....       7%          2    ##.....
b - Song of Slaying       Chrm           #.......     6%          2    ##.....
c - Shroud of Golubria    Chrm/Tloc      ##........   4%          2    ##.....
d - Blink                 Tloc           N/A          4%          2    ##.....
e - Stoneskin             Trmt/Erth      ##......     4%          2    ##.....


Dungeon Overview and Level Annotations

Branches:
Dungeon (11/15)            Temple (1/1) D:5            Lair (8/8) D:10
 Shoals (0/5) Lair:4        Snake (0/5) Lair:3        Slime (0/6) Lair:7
    Orc: D:9-12

Altars:
Ashenzari
Cheibriados
Dithmenos
Elyvilon
Fedhas
Gozag
Kikubaaqudgha
Makhleb
Nemelex Xobeh
Okawaru
Qazlal
Ru
Sif Muna
Trog
Vehumet
Xom
Yredelemnul
Zin
The Shining One
Jiyva

Shops:
D:4 (   D:8 %

Annotations:
D:10 exclusion: oklob plant


Innate Abilities, Weirdness & Mutations

You are too large for most types of armour.
You have claws for hands.
Your metabolism is lightning-fast.
You like to eat raw meat.
You heal very quickly.
You are covered in fur (AC +1).
You have very tough skin (AC +2).


Message History

* * * LOW HITPOINT WARNING * * *
You stumble backwards!
You scratch the dire elephant.
The dire elephant is almost dead.
You block the dire elephant's attack.
The dire elephant completely misses you.
You scratch the dire elephant but do no damage.
The dire elephant is almost dead.
The dire elephant tramples you!
* * * LOW HITPOINT WARNING * * *
You stumble backwards!
Drink which item? (? for menu, Esc to quit)
Okay, then.
Casting: Shroud of Golubria
Confirm with . or Enter, or press ? or * to list all spells.
Okay, then.
You scratch the dire elephant.
The dire elephant is almost dead.
The dire elephant tramples you!!
You die...

P#♣.........
.##.........
PP#.........
#.#.........
#.#♣........
#.#.........
#.#......... ####
##P#.........
##@.###8.#.........
#.Y.:#8..'...##....
#....#.⌠.'.........
#....#8..'...P....#
#....##8.#.........
##''####.#.........
##≈≈≈.##.#.........
#≈≈≈≈≈.#.#.........
#÷≈≈≈≈≈#.#.........


You could see a dire elephant (bleeding).

Vanquished Creatures
  Gastronok (D:10)
  3 dire elephants (Lair:8)
  The ghost of hornqvist the Bludgeoner, a powerful NaBe of Trog (Lair:2)
  An anaconda (Lair:8)
  A hydra (Lair:2)
  Erica (D:9)
  2 death yaks (Lair:4)
  Urug (D:10)
  Pikel (D:6)
  2 hill giants (D:10)
  2 griffons (Lair:7)
  6 elephants (Lair:7)
  6 black mambas
  A gargoyle (D:10)
  4 spiny frogs
  2 torpor snails
  6 komodo dragons
  A queen bee (D:10)
  7 polar bears
  5 fire drakes
  A two-headed ogre (D:10)
  A wyvern (D:9)
  21 blink frogs
  Sigmund (D:2)
  2 wandering mushrooms (Lair:7)
  40 yaks
  A spriggan (Lair:1)
  3 hungry ghosts
  12 hippogriffs
  5 basilisks
  11 porcupines
  8 wolves
  11 water moccasins
  A sky beast (D:8)
  3 orc warriors
  4 slaves (D:6)
  5 ogres
  16 crocodiles
  3 boring beetles
  A big kobold (Sewer)
  8 centaurs
  14 giant frogs
  A wyvern skeleton (D:6)
  4 scorpions
  12 killer bees (D:10)
  2 jellies (D:5)
  An electric eel (Lair:7)
  3 wights (D:8)
  8 hounds
  3 crimson imps
  A giant frog skeleton (D:5)
  A goliath beetle (D:7)
  Crazy Yiuf (D:2)
  3 orc priests
  A quasit (D:9)
  A centaur skeleton (D:7)
  Terence (D:2)
  9 iguanas
  2 orc wizards (D:5)
  7 worker ants
  18 sheep
  A worker ant zombie (D:5)
  7 gnolls
  29 river rats
  18 adders
  4 shadow imps
  2 worms
  6 giant geckos
  2 oozes
  27 orcs
  A bat zombie (D:5)
  13 giant cockroaches
  15 goblins
  14 hobgoblins
  24 jackals
  14 quokkas
  A ball python (D:1)
  12 bats
  2 giant newts (D:2)
  21 kobolds
  A quokka zombie (D:8)
  15 rats
  A ballistomycete (D:9)
  2 plants
537 creatures vanquished.

Vanquished Creatures (others)
  A giant spore (D:9)
  2 fungi (Lair:8)
  A plant (Lair:7)
4 creatures vanquished.

Grand Total: 541 creatures vanquished

Notes
Turn   | Place    | Note
--------------------------------------------------------------
     0 | D:1      | Psiweapon, the Troll Hunter, began the quest for the Orb.
     0 | D:1      | Reached XP level 1. HP: 19/19 MP: 0/0
   185 | D:1      | Reached XP level 2. HP: 17/27 MP: 1/1
   561 | D:1      | Reached XP level 3. HP: 33/35 MP: 2/2
   591 | D:1      | Reached skill level 1 in Unarmed Combat
  1159 | D:2      | Reached XP level 4. HP: 42/42 MP: 3/3
  1252 | D:2      | Noticed Sigmund
  1262 | D:2      | Killed Sigmund
  1262 | D:2      | Reached skill level 4 in Throwing
  1262 | D:2      | Reached XP level 5. HP: 47/50 MP: 4/4
  1278 | D:2      | Noticed Terence
  1287 | D:2      | Killed Terence
  1289 | D:2      | Reached XP level 6. HP: 59/59 MP: 5/5
  1385 | D:2      | Noticed Crazy Yiuf
  1394 | D:2      | Killed Crazy Yiuf
  1394 | D:2      | Reached skill level 1 in Stealth
  1860 | D:3      | Found a basalt altar of Yredelemnul.
  1863 | D:3      | Found a white marble altar of Elyvilon.
  1873 | D:3      | Found an iron altar of Okawaru.
  2724 | D:4      | Found a glowing drain.
  2728 | Sewer    | Entered a sewer
  2803 | Sewer    | Reached XP level 7. HP: 54/67 MP: 6/6
  2839 | Sewer    | Found a white marble altar of Elyvilon.
  3276 | D:4      | Found Ocavvoth's Antique Weapon Shoppe.
  3473 | D:5      | Entered Level 5 of the Dungeon
  3604 | D:5      | Found a deep blue altar of Sif Muna.
  3605 | D:5      | Found a sacrificial altar of Ru.
  3605 | D:5      | Found an ancient bone altar of Kikubaaqudgha.
  3612 | D:5      | Found a glowing golden altar of the Shining One.
  3613 | D:5      | Found a shattered altar of Ashenzari.
  3926 | D:5      | Found a staircase to the Ecumenical Temple.
  3931 | Temple   | Entered the Ecumenical Temple
  4063 | Temple   | Became a worshipper of Cheibriados the Contemplative
  4266 | D:5      | Reached skill level 1 in Shields
  4301 | D:6      | Reached XP level 8. HP: 78/78 MP: 7/7
  4437 | D:6      | Reached skill level 5 in Dodging
  4609 | D:6      | Acquired Cheibriados's first power
  4772 | D:6      | Noticed Pikel
  4826 | D:6      | Killed Pikel
  4826 | D:6      | Reached skill level 5 in Unarmed Combat
  5110 | D:7      | Reached skill level 6 in Dodging
  5110 | D:7      | Reached skill level 1 in Invocations
  5114 | D:7      | Reached XP level 9. HP: 63/84 MP: 8/8
  5675 | D:8      | Found Siopuer's Food Boutique.
  5938 | D:8      | Found a stormy altar of Qazlal.
  6590 | D:9      | Learned a level 2 spell: Repel Missiles
  6606 | D:9      | Acquired Cheibriados's second power
  6606 | D:9      | Reached skill level 5 in Fighting
  6671 | D:9      | Noticed Erica
  6688 | D:9      | Killed Erica
  6688 | D:9      | Reached skill level 7 in Dodging
  6688 | D:9      | Reached XP level 10. HP: 27/96 MP: 4/10
  7258 | D:10     | Entered Level 10 of the Dungeon
  7350 | D:10     | Noticed Gastronok
  7358 | D:10     | Killed Gastronok
  7358 | D:10     | Reached skill level 5 in Throwing
  7358 | D:10     | Reached skill level 8 in Dodging
  7358 | D:10     | Reached skill level 5 in Shields
  7520 | D:10     | Noticed a hill giant
  7524 | D:10     | Killed a hill giant
  7647 | D:10     | Noticed a hill giant
  7653 | D:10     | Killed a hill giant
  7729 | D:11     | Acquired Cheibriados's third power
  7747 | D:11     | Learned a level 2 spell: Song of Slaying
  7772 | D:10     | Reached XP level 11. HP: 97/105 MP: 5/12
  7817 | D:10     | Noticed Urug
  7831 | D:10     | Killed Urug
  7831 | D:10     | Reached skill level 9 in Dodging
  8144 | D:10     | Found a staircase to the Lair.
  8145 | D:10     | Noticed an oklob plant
  8160 | Lair:1   | Entered Level 1 of the Lair of Beasts
  8474 | Lair:1   | Acquired Cheibriados's fourth power
  8882 | Lair:1   | Reached skill level 1 in Charms
  9745 | Lair:2   | Noticed hornqvist's ghost (powerful NaBe)
  9768 | Lair:2   | Killed hornqvist's ghost
  9768 | Lair:2   | Reached skill level 10 in Dodging
  9845 | Lair:2   | Noticed a seven-headed hydra
  9987 | Lair:3   | Reached XP level 12. HP: 113/115 MP: 13/13
 10138 | Lair:3   | Reached skill level 1 in Spellcasting
 10392 | Lair:3   | Identified the Collected Works on Boosting Displacement
 10396 | Lair:3   | Learned a level 2 spell: Shroud of Golubria
 10399 | Lair:3   | Learned a level 2 spell: Blink
 10513 | Lair:2   | Killed a five-headed hydra
 10931 | Lair:3   | Found a staircase to the Snake Pit.
 11300 | Lair:4   | Found a staircase to the Shoals.
 12016 | Lair:5   | You fall through a shaft for 3 floors!
 12016 | Lair:8   | Entered Level 8 of the Lair of Beasts
 12262 | Lair:7   | Reached XP level 13. HP: 105/124 MP: 12/15
 13621 | Lair:6   | Reached skill level 10 in Unarmed Combat
 14061 | Lair:6   | Reached skill level 1 in Translocations
 14224 | Lair:7   | Found a viscous altar of Jiyva.
 14224 | Lair:7   | Found a staircase to the Slime Pits.
 14569 | Lair:7   | Learned a level 2 spell: Stoneskin
 14901 | Lair:7   | Reached skill level 1 in Earth Magic
 15646 | Lair:8   | Noticed an anaconda
 15661 | Lair:8   | Killed an anaconda
 15664 | Lair:8   | Noticed a dire elephant
 15674 | Lair:8   | Killed a dire elephant
 15751 | Lair:8   | Noticed a dire elephant
 15751 | Lair:8   | Noticed a dire elephant
 15762 | Lair:8   | Killed a dire elephant
 15776 | Lair:8   | Killed a dire elephant
 15804 | Lair:8   | Got an ancient bronze ring
 15807 | Lair:8   | Identified the cursed ring of Yvium {EV-5 Int+3 Slay+6} (You found it on level 8 of the Lair of Beasts)
 15814 | Lair:8   | Noticed a dire elephant
 15835 | Lair:8   | Mangled by a dire elephant

Action                   |  1- 3 |  4- 6 |  7- 9 | 10-12 | 13-15 || total
-------------------------+-------+-------+-------+-------+-------++-------
Melee: Unarmed           |   143 |   159 |   393 |   687 |   381 ||  1763
       Scimitar          |       |       |       |     4 |       ||     4
Throw: Large rock        |       |    11 |    46 |    53 |     3 ||   113
       Throwing net      |       |     1 |     1 |     2 |       ||     4
       Tomahawk          |       |       |     3 |       |       ||     3
       Javelin           |       |       |       |    17 |    26 ||    43
 Cast: Song of Slaying   |       |       |       |    17 |     8 ||    25
       Repel Missiles    |       |       |       |     1 |       ||     1
       Shroud of Golubri |       |       |       |     2 |    18 ||    20
       Stoneskin         |       |       |       |       |    14 ||    14
       Blink             |       |       |       |       |     1 ||     1
Invok: Bend Time         |       |       |     6 |    13 |       ||    19
       Slouch            |       |       |       |     3 |     3 ||     6
Evoke: Wand              |       |       |       |     4 |       ||     4
  Use: Scroll            |       |       |     6 |    14 |     2 ||    22
       Potion            |       |       |     1 |     1 |     1 ||     3
 Stab: Held in net/web   |       |     2 |       |     1 |       ||     3
       Sleeping          |       |     1 |     2 |     7 |     2 ||    12
       Distracted        |       |       |       |       |     1 ||     1
  Eat: Chunk             |    16 |    12 |    33 |    45 |    23 ||   129
       Royal jelly       |       |       |       |       |     1 ||     1
